 Seeded DCSS version 0.29.1-1-gd02db6906a (webtiles) character file.

Game seed: 9909077176030221602 (custom seed)

281 GigaChad the Trooper (level 6, 0/60 (61) HPs)
             Began as a Minotaur Fighter on Oct 7, 2022.
             Slain by Dowan
             ... wielding a +1 dagger of draining
              (3 damage)
             ... on level 4 of the Dungeon.
             The game lasted 00:05:07 (3409 turns).

GigaChad the Trooper (Minotaur Fighter)             Turns: 3409, Time: 00:05:07

HP:   0/60 (61)     AC:  7    Str: 23    XL:     6   Next: 6%
MP:   5/5           EV:  9    Int:  5    God:
Gold: 216           SH:  5    Dex: 15    Spells: 5/5 levels left

rFire   . . .      SeeInvis .   u - +9 spear of the Eternal Void {vorpal, Drain Will+ Dex+6}
rCold   . . .      Faith    .   c - +0 buckler
rNeg    . . .      Spirit   .   b - +0 scale mail
rPois   .          Reflect  .   (helmet restricted)
rElec   .          Harm     .   (no cloak)
rCorr   .          Rampage  .   (no gloves)
Will    +....                   (no boots)
Stlth   ..........              (no amulet)
HPRegen 0.20/turn               (no ring)
MPRegen 0.09/turn               (no ring)

@: lightly drained
A: horns 2, retaliatory headbutt
a: no special abilities


You were on level 4 of the Dungeon.
You visited 1 branch of the dungeon, and saw 4 of its levels.

You collected 216 gold pieces.

Inventory:

Hand Weapons
 a - a +0 long sword
 u - the +9 spear of the Eternal Void (weapon) {vorpal, Drain Will+ Dex+6}
   (You found it on level 3 of the Dungeon)

   It inflicts extra damage upon your enemies.
   Dex:       It affects your dexterity (+6).
   Drain:     It drains your maximum health when unequipped.
   Will:      It increases your willpower.
Armour
 b - a +0 scale mail (worn)
 c - a +0 buckler (worn)
Scrolls
 e - a scroll of poison {unknown}
 h - a scroll of fog {unknown}
 i - a scroll of summoning {unknown}
 l - a scroll of magic mapping {unknown}
 q - a scroll of teleportation {unknown}
 s - 2 scrolls of identify {unknown}
 v - 2 scrolls of enchant armour {unknown}
 w - a scroll of blinking {unknown}
Potions
 d - a potion of might
 f - a potion of invisibility {unknown}
 g - a potion of mutation {unknown}
 j - a potion of attraction {unknown}
 k - a potion of brilliance {unknown}
 m - a potion of berserk rage {unknown}
 n - a potion of flight {unknown}
 o - 5 potions of curing {unknown}
 p - 2 potions of lignification {unknown}
 r - a potion of degeneration {unknown}
 t - a potion of haste {unknown}


   Skills:
 + Level 7.7 Fighting
 - Level 2.7 Long Blades
 - Level 4.1 Armour
 - Level 4.1 Shields


You had 5 spell levels left.
You didn't know any spells.
Your spell library contained the following spells:

 Spells                   Type           Power      Damage    Failure   Level
 Scorch                   Fire           0%         2d5       95%         2
 Flame Wave               Conj/Fire      0%         2d4       100%        4
 Summon Cactus Giant      Summ           0%         N/A       100%        6


Dungeon Overview and Level Annotations

Branches:
Dungeon (4/15)
 Temple: D:4-7

Altars:
Fedhas
Qazlal
Trog

Shops:
D:4 !

Annotations:
D:4 Dowan


Innate Abilities, Weirdness & Mutations

You have a pair of horns on your head.
You reflexively headbutt those who attack you in melee.


Message History

You hit Duvessa but do no damage.
Duvessa is severely wounded.
You block the adder's attack. Dowan gestures at you while chanting.
The puff of frost hits you. Duvessa hits you with a +0 short sword.
The adder bites you but does no damage.
You hit Duvessa.
Duvessa is almost dead.
You block Duvessa's attack.
Dowan hits you with a +1 dagger of draining.
You feel drained. The adder bites you.
You hit Duvessa.
Duvessa is almost dead.
The adder bites you.
Dowan hits you with a +1 dagger of draining.
You feel drained. Duvessa hits you with a +0 short sword.
The adder closely misses you.
You barely miss Duvessa.
Duvessa is almost dead.
Duvessa hits you with a +0 short sword. Dowan barely misses you.
The adder bites you but does no damage.
You hit Duvessa.
You kill Duvessa!
Dowan seems overcome with grief.
Dowan seems to find hidden reserves of power!
Dowan closely misses you. The adder barely misses you.
You block Dowan's attack. The adder bites you but does no damage.
Your life force feels restored.
Your Fighting skill increases to level 7!
You have reached level 6!
Dowan hits you but does no damage.
You feel drained.
Dowan points at you and mumbles some strange words.
The stone arrow hits you!
* * * LOW HITPOINT WARNING * * *
Things that are here:
a +0 short sword; a +0 scale mail; the elf corpse of Duvessa You hit Dowan.
Your headbutt misses Dowan.
Dowan is moderately wounded.
Dowan hits you with a +1 dagger of draining.
You die...

###)###.##.....##.
#°...○#.##......#
#.....#...........
..._..........#####
#.....#.......#⌠8⌠#
#§...°#.##....#...+
###.###.##'##.#...#
#.....#.....#...+
##....#.....#.@e#
#....#.....##S#####..
#....#...............
#....##..^..##..##...
#....######## ..#
#....(# ...# #.....#
...# #.....# ...#
#.....# ...#


You could see Dowan (fast) and an adder.

Vanquished Creatures
  Duvessa (D:4)
  A hound (D:4)
  7 adders
  2 worms (D:2)
  A dart slug (D:1)
  6 orcs
  5 ball pythons
  8 endoplasms
  A giant cockroach (D:2)
  11 goblins
  3 hobgoblins
  3 jackals (D:3)
  6 kobolds
  4 quokkas
  3 bats
  3 frilled lizards
  4 rats
69 creatures vanquished.

Vanquished Creatures (others)
  A plant (D:3)
1 creature vanquished.

Grand Total: 70 creatures vanquished

Notes
Turn   | Place    | Note
-------+----------+-------------------------------------------
     0 | D:1      | GigaChad the Minotaur Fighter began the quest for the Orb.
     0 | D:1      | Reached XP level 1. HP: 19/19 MP: 0/0
   357 | D:1      | Reached XP level 2. HP: 26/27 MP: 1/1
   457 | D:1      | Reached skill level 4 in Fighting
  1198 | D:2      | Found a blossoming altar of Fedhas.
  1219 | D:2      | Reached XP level 3. HP: 33/33 MP: 2/2
  1647 | D:2      | Reached skill level 5 in Fighting
  1729 | D:2      | Reached XP level 4. HP: 10/42 MP: 3/3
  2304 | D:3      | Found a faded altar of an unknown god.
  2490 | D:3      | Found a bloodstained altar of Trog.
  2619 | D:3      | Identified the +9 spear of the Eternal Void {vorpal, Drain
                  | Will+ Dex+6}
  2638 | D:3      | Reached skill level 6 in Fighting
  3013 | D:4      | Reached XP level 5. HP: 36/51 MP: 4/4
  3208 | D:4      | Found Wosmoz's Distillery.
  3331 | D:4      | Found a stormy altar of Qazlal.
  3397 | D:4      | Noticed Duvessa
  3397 | D:4      | Noticed Dowan
  3407 | D:4      | Killed Duvessa
  3408 | D:4      | Reached skill level 7 in Fighting
  3408 | D:4      | Reached XP level 6. HP: 18/61 MP: 5/5
  3408 | D:4      | HP: 2/60 [Dowan/stone arrow (16)]
  3409 | D:4      | Slain by Dowan

Illustrated notes

Levels and vault maps discovered:
D:1:      heliophobic_arrival_henge, layout_loops_ring, chequers_jeans,
          minmay_misc_feat_enclosed, kennysheep_nondescript
D:2:      minmay_door_path, layout_basic, basic_altar, nrook_loot_triangle
D:3:      layout_basic, trog_three_pillars_becter,
          shapermc_ecumenical_altar_mp_ritualfount
D:4:      dreamdust_elfheim, layout_gridville, grunt_qazlal_clouds,
          serial_shops, nicolae_diamond_shop, patterned_corridor

Skill      XL: |  1  2  3  4  5 |
---------------+----------------+-----
Fighting       | 4 5 6 7 |  7.7
Shields        | 4 |  4.1
Armour         | 4 |  4.1
Long Blades    | |  2.7

Action                   |  1- 3 |  4- 6 || total
-------------------------+-------+-------++-------
Melee: Long sword        |    98 |    43 ||   141
       Headbutt          |     9 |    13 ||    22
       Spear             |       |    33 ||    33
Armor: Scale mail        |    56 |    35 ||    91
Dodge: Dodged            |    41 |    38 ||    79
Block: Buckler           |    25 |    18 ||    43
